 Dungeon Crawl Stone Soup version 0.31-a0-631-g285b096dc4 (webtiles) character file.

Game seed: 17974270044854760666

627885 HoaS the Wrestler (level 27, -3/261 (280) HPs)
             Began as a Troll Fighter on Aug 20, 2023.
             Was the Champion of Zin.
             Slain by a tentacled monstrosity (7 damage)
             ... on level 4 of the Realm of Zot on Aug 25, 2023.
             The game lasted 04:46:51 (61116 turns).

HoaS the Wrestler (Troll Fighter)                  Turns: 61116, Time: 04:46:52

HP:   -3/261 (280)  AC: 32    Str: 35    XL:     27
MP:   34/34         EV: 18    Int:  4    God:    Zin [******]
Gold: 1188          SH: 23    Dex: 25    Spells: 26/26 levels left

rFire   + +          +
                       - Unarmed
rCold   + + +        L - +2 shield of Resistance {rF++ rC++ Will++}
rNeg    . . .        G - +3 gold dragon scales
rPois   +            V - +2 hat
rElec   .            f - +2 cloak {rPois}
rCorr   .            (gloves unavailable)
SInv    .            (boots unavailable)
Will    +++++        E - amulet "Nuill" {Reflect +Inv Will+ Regen+ Str+3 SH+5} Stlth
                     l - +5 ring of evasion
HPRegen 2.23/turn    y - +6 ring of dexterity
MPRegen 0.24/turn

%: reflection
@: slowed, constricted, drained, very slow
A: large, unfitting armour, claws 3, regeneration 1, shaggy fur 1, tough skin 1
}: 3/15 runes: decaying, silver, gossamer
a: Renounce Religion, Evoke Invisibility, Recite, Vitalisation, Imprison,
Sanctuary, Donate Gold


You were on level 4 of the Realm of Zot.
You worshipped Zin.
Zin was exalted by your worship.
You visited 11 branches of the dungeon, and saw 50 of its levels.
You also visited: Ice Cave.

You collected 8724 gold pieces.
You spent 6563 gold pieces at shops.
You donated 973 gold pieces to Zin.

Inventory:

Armour
 f - a +2 cloak of poison resistance (worn)
 z - a +2 tower shield
 G - +3 gold dragon scales (worn)
 L - the +2 shield of Resistance (worn) {rF++ rC++ Will++}
   (You bought it in a shop on level 2 of the Orcish Mines)

   rF++:      It greatly protects you from fire.
   rC++:      It greatly protects you from cold.
   Will++:    It greatly increases your willpower.
 V - a +2 hat (worn)
Jewellery
 i - a ring of ice
 j - a ring of protection from fire
 k - the ring "Ceosma" {rElec rC+ Will+}
   (You found it on level 3 of the Vaults)

   [ring of protection from cold]

   rC+:       It protects you from cold.
   rElec:     It insulates you from electricity.
   Will+:     It increases your willpower.
 l - a +5 ring of evasion (left claw)
 o - the ring "Ilalan" {Str+6 Int+3 Slay+3}
   (You acquired it on level 5 of the Dungeon)

   [ring of strength]

   Str+6:     It affects your strength (+6).
   Int+3:     It affects your intelligence (+3).
   Slay+3:    It affects your accuracy & damage with ranged weapons and melee
   (+3).
 v - the ring "Qaawk" {Fly Slay+2}
   (You bought it in a shop on level 3 of the Vaults)

   [ring of flight]

   Slay+2:    It affects your accuracy & damage with ranged weapons and melee
   (+2).
   Fly:       It grants you flight.
 y - a +6 ring of dexterity (right claw)
 D - a ring of resist corrosion
 E - the amulet "Nuill" (around neck) {Reflect +Inv Will+ Regen+ Str+3 SH+5}
   (You bought it in a shop on level 2 of the Depths)

   [amulet of reflection]

   Reflect:   It reflects blocked missile attacks.
   Str+3:     It affects your strength (+3).
   Will+:     It increases your willpower.
   +Inv:      It lets you turn invisible.
   Regen+:    It increases your rate of health regeneration.
   SH+5:      It affects your SH (+5).
 F - the ring of Paizeytwun {AC+4 Slay+3 Stlth+}
   (You found it on level 3 of the Swamp)

   [ring of protection]

   AC+4:      It affects your AC (+4).
   Slay+3:    It affects your accuracy & damage with ranged weapons and melee
   (+3).
   Stlth+:    It makes you more stealthy.
 I - a ring of protection from fire
 J - the ring of Deuffit {rElec rF- Str+6 SInv}
   (You found it on level 3 of the Depths)

   [ring of strength]

   Str+6:     It affects your strength (+6).
   rF-:       It makes you vulnerable to fire.
   rElec:     It insulates you from electricity.
   SInv:      It lets you see invisible.
 N - a ring of positive energy
 Q - a ring of poison resistance
Wands
 A - a wand of digging (27)
 H - a wand of mindburst (46)
Scrolls
 b - 3 scrolls of butterflies
 c - 8 scrolls of fog
 m - 10 scrolls of poison
 n - 4 scrolls of silence
 q - 13 scrolls of fear
 B - 18 scrolls of teleportation
 K - 8 scrolls of revelation
 M - 11 scrolls of blinking
 O - 5 scrolls of vulnerability
 P - a scroll of immolation
Potions
 d - 10 potions of resistance
 e - 8 potions of mutation
 h - 9 potions of attraction
 p - 8 potions of enlightenment
 r - 13 potions of ambrosia
 s - 7 potions of cancellation
 t - 19 potions of curing
 w - 7 potions of haste
 x - a potion of berserk rage
 C - 4 potions of heal wounds
 T - 4 potions of invisibility
 U - 2 potions of might


   Skills:
 + Level 17.6 Fighting
 + Level 17.6 Armour
 + Level 17.6 Dodging
 - Level 16.0 Shields
 * Level 25.5 Unarmed Combat
 - Level 16.0 Invocations


You had 26 spell levels left.
You didn't know any spells.
Your spell library contained the following spells:

 Spells                   Type           Power      Damage    Failure   Level
 Apportation              Tloc           0%         N/A       100%        1
 Foxfire                  Conj/Fire      0%         2x1d4     100%        1
 Kiss of Death            Conj/Necr      0%         2d5       100%        1
 Magic Dart               Conj           0%         1d3       100%        1
 Sandblast                Erth           0%         2d4       100%        1
 Shock                    Conj/Air       0%         1d3       100%        1
 Sting                    Tmut/Pois      0%         1d3       100%        1
 Summon Small Mammal      Summ           0%         N/A       100%        1
 Call Imp                 Summ           0%         N/A       100%        2
 Cigotuvi's Dreadful Rot  Necr/Pois/Air  0%         N/A       100%        2
 Ensorcelled Hibernation  Hex/Ice        0%         N/A       100%        2
 Passwall                 Tmut/Erth      0%         N/A       100%        2
 Poisonous Vapours        Pois/Air       0%         N/A       100%        2
 Scorch                   Fire           0%         2d5       100%        2
 Call Canine Familiar     Summ           0%         N/A       100%        3
 Confusing Touch          Hex            0%         N/A       100%        3
 Dazzling Flash           Conj/Hex       0%         N/A       100%        3
 Frozen Ramparts          Ice            0%         1d1       100%        3
 Ignite Poison            Fire/Tmut/Pois 0%         N/A       100%        3
 Mephitic Cloud           Conj/Pois/Air  0%         N/A       100%        3
 Ozocubu's Armour         Ice            0%         N/A       100%        3
 Stone Arrow              Conj/Erth      0%         3d7       100%        3
 Summon Guardian Golem    Hex/Summ       0%         N/A       100%        3
 Swiftness                Air            0%         N/A       100%        3
 Vhi's Electric Charge    Tloc/Air       0%         N/A       100%        3
 Volatile Blastmotes      Fire/Tloc      0%         2d10      100%        3
 Airstrike                Air            0%         2d(0-16)  100%        4
 Anguish                  Hex/Necr       0%         N/A       100%        4
 Animate Armour           Summ/Erth      0%         N/A       100%        4
 Cause Fear               Hex            0%         N/A       100%        4
 Dispel Undead            Necr           0%         3d6       100%        4
 Flame Wave               Conj/Fire      0%         2d4       100%        4
 Olgreb's Toxic Radiance  Pois           0%         N/A       100%        4
 Petrify                  Tmut/Erth      0%         N/A       100%        4
 Summon Lightning Spire   Summ/Air       0%         N/A       100%        4
 Agony                    Necr           0%         N/A       100%        5
 Alistair's Intoxication  Tmut/Pois      0%         N/A       100%        5
 Arcjolt                  Conj/Air       0%         1d10      100%        5
 Fireball                 Conj/Fire      0%         3d3       100%        5
 Freezing Cloud           Conj/Ice/Air   0%         6-21      100%        5
 Iskenderun's Battlesphe  Conj           0%         2d6       100%        5
 Lee's Rapid Deconstruct  Erth           0%         3d4*      100%        5
 Metabolic Englaciation   Hex/Ice        0%         N/A       100%        5
 Silence                  Hex/Air        0%         N/A       100%        5
 Conjure Ball Lightning   Conj/Air       0%         3x3d6     100%        6
 Starburst                Conj/Fire      0%         6d3       100%        6
 Summon Cactus Giant      Summ           0%         N/A       100%        6
 Enfeeble                 Hex            0%         N/A       100%        7
 Orb of Destruction       Conj           0%         9d5       100%        7
 Ozocubu's Refrigeration  Ice            0%         4d7       100%        7
 Maxwell's Capacitive Co  Air            0%         ∞         100%        8
 Chain Lightning          Conj/Air       0%         N/A       100%        9


Dungeon Overview and Level Annotations

Branches:
Dungeon (15/15)            Temple (1/1) D:5            Lair (5/5) D:9
  Swamp (4/4) Lair:2       Spider (4/4) Lair:3        Slime (0/5) Lair:4
    Orc (2/2) D:12            Elf (3/3) Orc:2        Vaults (5/5) D:13
  Crypt (3/3) Vaults:3       Tomb (0/3) Crypt:3      Depths (4/4) D:15
    Zot (4/5) Depths:4      IceCv (visited)

Altars:
Ashenzari
Cheibriados
Dithmenos
Elyvilon
Fedhas
Gozag
Hepliaklqana
Kikubaaqudgha
Makhleb
Nemelex Xobeh
Okawaru
Qazlal
Ru
Sif Muna
Trog
Uskayaw
Vehumet
Wu Jian
Xom
Yredelemnul
Zin
The Shining One
Jiyva

Shops:
Orc:1 (   Orc:2 (:![   Elf:1 *   Vaults:3 *(   Vaults:4 =   Depths:1 :
Depths:2 =:=   Depths:4 [((

Portals:
Hell: Depths:1 Depths:2 Depths:3 Depths:4
Abyss: Depths:3
Pandemonium: Depths:2
Ziggurat: Depths:3

Annotations:
Lair:3 exclusion: oklob plant
Spider:3 2 transporters, Banec's ghost, adept VSFi; Roxanne


Innate Abilities, Weirdness & Mutations

You are too large for most types of armour.
You have claws for hands.
Your natural rate of healing is unusually fast.
You are covered in fur. (AC +1)
You have tough skin. (AC +1)


Message History

You block the tentacled monstrosity's attack. x2
The tentacled monstrosity tentacle-slaps you but does no damage.
The tentacled monstrosity constricts you.
The moth of wrath goads the shadow dragon on!
The shadow dragon goes berserk!
The orb of fire glows bright magenta.
Strange energies course through your body.
Zin protects your body from mutation! The golden dragon misses you.
The golden dragon claws you but does no damage.
You block the golden dragon's attack.
The tentacled monstrosity tentacle-slaps you.
* * * LOW HITPOINT WARNING * * *
The tentacled monstrosity completely misses you.
You block the tentacled monstrosity's attack.
You closely miss the orb of fire.
The orb of fire is heavily damaged.
You block the tentacled monstrosity's attack.
The tentacled monstrosity tentacle-slaps you!
* * * LOW HITPOINT WARNING * * *
The tentacled monstrosity tentacle-slaps you.
* * * LOW HITPOINT WARNING * * *
The tentacled monstrosity constricts you.
* * * LOW HITPOINT WARNING * * *
The quicksilver dragon rages.
The golden dragon bites you!!
* * * LOW HITPOINT WARNING * * *
You block the golden dragon's attack. x2
The tentacled monstrosity tentacle-slaps you but does no damage.
The tentacled monstrosity closely misses you.
The tentacled monstrosity tentacle-slaps you.
* * * LOW HITPOINT WARNING * * *
The black draconian knight mumbles some strange words.
The black draconian knight flickers and vanishes!
You block the tentacled monstrosity's attack.
The tentacled monstrosity tentacle-slaps you!
* * * LOW HITPOINT WARNING * * *
The tentacled monstrosity tentacle-slaps you but does no damage. x2
The tentacled monstrosity tentacle-slaps you!
You die...

..#.#.. ....(.
...°. ##..z##
##..yf.## .#
..#.DfDDff#..#
.....zzXDD...#
.....f8@*D...#
..(.{D*XXDf..#
..#..ffzff#..#
##.....## .#
##.[.## .....
...... ####y..


You could see 2 orbs of fire, 2 shadow dragons, 3 tentacled monstrosities, 2
golden dragons, a storm dragon, 2 curse toes, 2 death cobs, 3 quicksilver
dragons, 2 deathcaps, 2 moths of wrath and 8 wandering mushrooms.

Vanquished Creatures
  An ancient lich (Vaults:5)
  A dread lich (Vaults:4)
  An orb of fire (Zot:1)
  A juggernaut (Depths:3)
  Frederick (Vaults:3)
  A curse toe (Zot:1)
  2 caustic shrikes
  13 golden dragons
  A profane servitor (Crypt:3)
  A golden dragon (shapeshifter) (Vaults:5)
  3 bone dragons
  Nikola (Swamp:2)
  Arachne (Spider:2)
  2 Tzitzimimeh
  3 doom hounds
  2 electric golems (Zot:2)
  Zenata (Elf:2)
  A walking crystal tome (Depths:3)
  9 tentacled monstrosities
  Grunn (Depths:4)
  4 liches
  6 quicksilver dragons
  2 walking earthen tomes
  6 titans
  Asterion (Spider:1)
  A deep elf blademaster (Elf:2)
  5 sphinxes
  11 ancient champions
  Frances (Spider:1)
  7 death cobs
  2 thorn hunters (Swamp:3)
  Kirke (D:15)
  13 shadow dragons
  10 storm dragons
  Aizul (Vaults:1)
  6 fire giants
  6 tengu reavers
  6 draconian monks
  4 revenants
  3 emperor scorpions
  3 draconian knights
  6 draconian scorchers
  5 frost giants
  13 vault wardens
  4 deep elf sorcerers
  5 ghouls
  3 iron dragons
  3 draconian shifters
  Louise (Spider:2)
  The ghost of Reamiso the Earth Mage, a journeyman GrEE of Gozag (D:14)
  5 spectral caustic shrikes (Depths:2)
  3 draconian stormcallers
  2 ghost moths (Spider:4)
  3 curse skulls
  4 deep elf elementalists
  7 draconian annihilators
  14 ironbound preservers
  A caustic shrike skeleton (Crypt:2)
  5 broodmothers (Spider:4)
  The ghost of Faufrur the Devastator, a journeyman TeFE of Vehumet (Swamp:2)
  2 orc warlords
  4 war gargoyles
  3 formless jellyfish
  A spriggan defender (Depths:3)
  19 stone giants
  2 reapers
  17 very ugly things
  8 ironbound thunderhulks
  2 quicksilver oozes (Vaults:3)
  12 vampire knights
  A lorocyproca (Depths:2)
  6 deep elf demonologists
  2 deep elf annihilators (Elf:3)
  A putrid mouth (Depths:4)
  7 black draconians
  3 eleionomae
  9 white draconians
  12 yellow draconians
  Azrael (Spider:1)
  12 green draconians
  A bunyip (Swamp:2)
  7 dire elephants (Vaults:3)
  10 red draconians
  8 purple draconians
  6 spark wasps
  4 eidola
  7 deep elf death magi
  The ghost of flestrin the Mimic, a journeyman DsSh of Gozag (Lair:1)
  The ghost of Cinolulu the Thaumaturge, a journeyman DEIE of Sif Muna (Orc:1)
  10 fire dragons
  10 ettins
  An elf zombie (Crypt:1)
  A blizzard demon (Depths:1)
  3 crystal guardians
  Josephine (D:15)
  18 yaktaur captains
  3 deep elf high priests
  25 jiangshi
  A spriggan zombie (Crypt:3)
  A quicksilver dragon zombie (Crypt:2)
  5 entropy weavers
  32 vault guards
  18 hydras
  6 ice dragons
  4 rakshasas
  4 great orbs of eyes
  2 ghost crabs
  5 radroaches
  3 peacekeepers
  2 hell beasts (Depths:1)
  A spriggan skeleton (Crypt:1)
  22 centaur warriors
  5 spriggan air magi
  4 ogre magi
  An alligator (shapeshifter) (Depths:3)
  3 catoblepae (Lair:5)
  9 boulder beetles
  9 alligators
  10 ironbound frosthearts
  12 two-headed ogres
  6 deep troll shamans
  8 tengu warriors
  6 vampire magi
  21 dancing weapons
  13 death yaks
  8 death knights
  2 orc high priests
  A death scarab (Spider:1)
  6 demonic crawlers
  An azure jelly zombie (Crypt:1)
  11 deep troll earth magi
  Urug (Lair:1)
  3 spriggan berserkers
  10 hell knights
  8 deep elf knights
  A sun demon (Depths:2)
  Sonja (Lair:5)
  2 soul eaters
  10 spriggans
  2 skysharks
  6 iron trolls
  Amaemon (Lair:1)
  Lodul (D:11)
  The ghost of Irenicus the Gouger, a novice FeSh of Gozag (D:12)
  6 shadow wraiths
  A goliath frog (Swamp:4)
  2 spriggan druids
  5 pharaoh ants
  39 skeletal warriors
  A sun moth (Spider:4)
  A bunyip zombie (Crypt:3)
  A spectral hydra (Lair:1)
  9 flayed ghosts
  63 deep trolls
  7 orb spiders
  4 glowing orange brains
  9 swamp dragons
  4 steelbarb worms
  16 bog bodies
  7 deep elf archers
  11 ironbound convokers
  An iron dragon zombie (Crypt:1)
  19 deep elf pyromancers
  6 phantasmal warriors
  2 spriggan simulacra (Crypt:3)
  9 lindwurms
  11 orc knights
  9 wizards
  15 deep elf zephyrmancers
  11 harpies
  8 necromancers
  55 ugly things
  3 orc sorcerers
  12 wolf spiders
  21 moths of wrath
  A cyclops (D:15)
  13 elephants
  6 will-o-the-wisps
  6 manticores
  18 vault sentinels
  2 centaur zombies (D:15)
  An iron dragon skeleton (Crypt:2)
  A black mamba (shapeshifter) (Vaults:5)
  A naga zombie (Crypt:2)
  A torpor snail (shapeshifter) (Vaults:4)
  4 gargoyles
  2 smoke demons (Depths:2)
  Jeremiah (D:6)
  5 black mambas
  An orange demon (Lair:1)
  A naga mage (D:15)
  Maggie (D:7)
  An alligator snapping turtle zombie (Crypt:2)
  5 torpor snails
  2 elephant slug zombies (Crypt:1)
  14 cane toads
  5 centaur skeletons
  A catoblepas zombie (Crypt:1)
  An unseen horror (D:10)
  A hellion (Zot:1)
  A kobold demonologist (D:10)
  A yaktaur (shapeshifter) (Elf:3)
  2 rime drakes
  8 freezing wraiths
  2 tormentors (Depths:3)
  30 yaktaurs
  A bunyip simulacrum (Crypt:1)
  11 komodo dragons
  4 tengu conjurers
  A redback zombie (D:15)
  A harpy zombie (D:15)
  6 trolls
  7 tyrant leeches
  A bloated husk (Swamp:2)
  22 blink frogs
  A hydra zombie (Crypt:1)
  2 large abominations (Crypt:3)
  3 polar bears
  16 hornets
  A red devil (Depths:2)
  34 tarantellas
  A harpy skeleton (Crypt:2)
  10 meliai
  A hydra skeleton (Crypt:2)
  A spectral black mamba (Lair:1)
  An ettin skeleton (Crypt:1)
  2 small abominations (Crypt:3)
  4 shadows
  A centaur simulacrum (Crypt:2)
  38 slime creatures
  10 wraiths
  An air elemental (Elf:2)
  34 culicivoras
  47 flying skulls
  38 jumping spiders
  10 water elementals
  5 fire elementals
  A satyr skeleton (Crypt:1)
  3 hogs (D:15)
  7 wyverns
  59 yaks
  4 basilisks
  A vampire (D:12)
  9 vampire mosquitoes
  56 redbacks
  Menkaure (D:6)
  5 steam dragons
  2 wargs
  7 acid dragons
  A spectral cane toad (Lair:1)
  A faun zombie (Crypt:1)
  A skyshark zombie (Crypt:1)
  13 swamp worms
  A fire bat skeleton (Crypt:1)
  4 hell hounds (Spider:1)
  A hydra simulacrum (Lair:1)
  8 water moccasins
  A spectral torpor snail (Lair:1)
  31 orc warriors
  9 swamp drakes
  A boulder beetle simulacrum (Lair:1)
  A sky beast (D:8)
  An ice beast (D:6)
  20 ogres
  An ogre (shapeshifter) (Vaults:5)
  11 wolves
  A blink frog skeleton (Crypt:2)
  23 centaurs
  4 kobold brigands
  8 bullfrogs
  2 gnoll sergeants
  An earth elemental (Elf:2)
  8 necrophages
  A two-headed ogre simulacrum (Crypt:1)
  An elf skeleton (Crypt:1)
  3 scorpions
  10 wights
  7 killer bees
  13 howler monkeys
  A komodo dragon simulacrum (Lair:1)
  13 orc priests
  6 hounds
  A human zombie (Crypt:2)
  2 jellies
  4 sleepcaps
  A black bear skeleton (Crypt:2)
  3 gnoll boudas
  3 iguanas
  12 human skeletons (Vaults:3)
  22 orc wizards
  7 hell rats
  28 gnolls
  14 adders
  3 river rats (D:9)
  2 shadow imps
  3 white imps
  An ufetubus (D:6)
  A worm (D:2)
  3 dart slugs
  62 orcs
  3 ball pythons (D:1)
  5 bats
  13 endoplasms
  3 giant cockroaches
  7 goblins
  9 hobgoblins
  9 quokkas
  3 frilled lizards
  17 kobolds
  7 rats
  A butterfly (Lair:3)
2196 creatures vanquished.

Vanquished Creatures (others)
  A draconian monk (Zot:1)
  2 draconian knights
  A ghost moth (Zot:1)
  A deep elf high priest (Elf:3)
  A rakshasa (Depths:2)
  3 deep elf knights
  A goliath frog (Swamp:1)
  A wizard (Vaults:4)
  A deep elf zephyrmancer (Elf:2)
  2 deep elf pyromancers
  A yaktaur (Vaults:5)
  3 bloated husks
  A culicivora (Spider:1)
  3 humans (D:15)
  6 swamp worms (Swamp:3)
  An orc wizard (D:9)
  16 foxfires
45 creatures vanquished.

Grand Total: 2241 creatures vanquished

Notes
Turn   | Place    | Note
-------+----------+-------------------------------------------
     0 | D:1      | HoaS the Troll Fighter began the quest for the Orb.
     0 | D:1      | Reached XP level 1. HP: 22/22 MP: 0/0
   193 | D:1      | Reached XP level 2. HP: 29/29 MP: 1/1
   366 | D:1      | Reached skill level 3 in Unarmed Combat
   894 | D:2      | Reached XP level 3. HP: 35/36 MP: 2/2
  1157 | D:2      | Found a faded altar of an unknown god.
  1237 | D:2      | Reached skill level 4 in Unarmed Combat
  1293 | D:2      | Reached XP level 4. HP: 37/44 MP: 3/3
  1856 | D:2      | Reached skill level 5 in Unarmed Combat
  1892 | D:2      | Found the +3 Mad Mage's Maulers {Infuse+∞ VampMP -Cast}
  2155 | D:3      | Reached XP level 5. HP: 50/50 MP: 4/4
  2591 | D:4      | Found a shimmering altar of Xom.
  2591 | D:4      | Found a shimmering blue altar of Sif Muna.
  2593 | D:4      | Found a glowing golden altar of the Shining One.
  2600 | D:4      | Found a sacrificial altar of Ru.
  2658 | D:4      | Identified the +0 robe of Rotation {Rampage +Inv rElec rC-}
  2680 | D:4      | Found an ornate altar of the Wu Jian Council.
  2720 | D:4      | Reached skill level 6 in Unarmed Combat
  2771 | D:4      | Reached XP level 6. HP: 37/59 MP: 5/5
  3029 | D:4      | Found a broken altar of Ashenzari.
  3038 | D:4      | Found a stormy altar of Qazlal.
  3061 | D:5      | Entered Level 5 of the Dungeon
  3066 | D:5      | Reached skill level 7 in Unarmed Combat
  3081 | D:5      | Identified a scroll of acquirement
  3081 | D:5      | Acquired 944 gold pieces
  3152 | D:5      | Noticed a water moccasin
  3158 | D:5      | Killed a water moccasin
  3203 | D:5      | Reached XP level 7. HP: 60/66 MP: 6/6
  3263 | D:5      | Reached skill level 8 in Unarmed Combat
  3303 | D:5      | Acquired the ring "Ilalan" {Str+6 Int+3 Slay+3}
  3363 | D:5      | Found a staircase to the Ecumenical Temple.
  3380 | Temple   | Entered the Ecumenical Temple
  3390 | Temple   | Became a worshipper of Elyvilon the Healer
  3554 | D:5      | Reached skill level 9 in Unarmed Combat
  3852 | D:6      | Noticed Jeremiah
  3856 | D:6      | Killed Jeremiah
  3857 | D:6      | Reached skill level 10 in Unarmed Combat
  3857 | D:6      | Reached XP level 8. HP: 65/74 MP: 7/7
  3914 | D:6      | Reached * piety under Elyvilon
  3952 | D:6      | Noticed Menkaure
  3962 | D:6      | Killed Menkaure
  3963 | D:6      | Reached skill level 11 in Unarmed Combat
  4477 | D:7      | Reached XP level 9. HP: 59/80 MP: 8/8
  4508 | D:7      | Reached ** piety under Elyvilon
  4645 | D:7      | Reached skill level 12 in Unarmed Combat
  4689 | D:7      | Noticed Maggie
  4704 | D:7      | Killed Maggie
  4705 | D:7      | Reached skill level 1 in Invocations
  5049 | D:7      | Identified the ring "Bayxoimy" {rPois rN+++ MP+9 Int-4
                  | Stlth+}
  5203 | D:8      | Reached *** piety under Elyvilon
  5268 | D:8      | Acquired a manual of Unarmed Combat
  5429 | D:8      | Identified the +1 robe "Irirus" {rCorr Str+6 Dex-4
                  | Archmagi}
  5935 | D:8      | Reached XP level 10. HP: 70/92 MP: 11/11
  6023 | D:9      | Noticed a gargoyle
  6032 | D:9      | Killed a gargoyle
  6123 | D:9      | Reached skill level 13 in Unarmed Combat
  6282 | D:9      | Noticed a death yak
  6332 | D:9      | Noticed a death yak
  6338 | D:9      | Noticed a death yak
  6343 | D:9      | Killed a death yak
  6344 | D:9      | Reached skill level 5 in Shields
  6362 | D:9      | Killed a death yak
  6370 | D:9      | Killed a death yak
  6377 | D:9      | Reached skill level 5 in Fighting
  6377 | D:9      | Reached skill level 5 in Dodging
  6426 | D:9      | Found a staircase to the Lair.
  6445 | D:9      | Acquired 970 gold pieces
  6516 | D:9      | Noticed a six-headed hydra
  6518 | D:9      | Noticed a skeletal warrior
  6520 | D:9      | Noticed a cyclops
  6525 | D:9      | Found a hide-covered altar of Uskayaw.
  6536 | D:9      | Noticed a centaur warrior
  6650 | Lair:1   | Entered Level 1 of the Lair of Beasts
  6679 | D:10     | Entered Level 10 of the Dungeon
  6789 | D:10     | Reached **** piety under Elyvilon
  6849 | D:10     | Reached XP level 11. HP: 68/102 MP: 13/13
  6854 | D:10     | Noticed a boulder beetle
  6886 | D:10     | Killed a boulder beetle
  6887 | D:10     | Reached skill level 14 in Unarmed Combat
  6887 | D:10     | Reached skill level 5 in Invocations
  6931 | D:10     | Noticed a purple ugly thing
  6933 | D:10     | Noticed a brown ugly thing
  6975 | D:10     | Killed a purple ugly thing
  6983 | D:10     | Killed a brown ugly thing
  7130 | D:10     | Found an ancient bone altar of Kikubaaqudgha.
  7206 | D:10     | Identified the +7 flail "Dase" {protect, rCorr Str-2
                  | Stlth+}
  7241 | D:10     | Got Sif Muna's Writings on Foggy Kindling
  7497 | D:11     | Noticed Lodul
  7593 | D:11     | Killed Lodul
  7876 | D:11     | Found a snail-covered altar of Cheibriados.
  7955 | D:11     | Reached ***** piety under Elyvilon
  7963 | D:11     | Found a gate leading to a gauntlet.
  8762 | D:12     | Found a runed translucent door.
  8762 | D:12     | Noticed Irenicus's ghost (novice FeSh)
  8790 | D:12     | Noticed a centaur warrior
  8799 | D:12     | Killed a centaur warrior
  8800 | D:12     | Reached skill level 15 in Unarmed Combat
  8870 | D:12     | Reached XP level 12. HP: 92/115 MP: 15/15
  8991 | D:12     | Noticed a two-headed ogre
  8991 | D:12     | Noticed a two-headed ogre
  8991 | D:12     | Noticed an ogre mage
  9000 | D:12     | Noticed a two-headed ogre
  9000 | D:12     | Noticed a two-headed ogre
  9355 | Lair:1   | Found a runed translucent gate.
  9355 | Lair:1   | Found a runed translucent gate.
  9355 | Lair:1   | Found a runed translucent gate.
  9360 | Lair:1   | Noticed flestrin's ghost (journeyman DsSh)
  9414 | Lair:1   | Noticed Amaemon
  9432 | Lair:1   | Killed Amaemon
  9551 | Lair:1   | Noticed Urug
  9563 | Lair:1   | Killed Urug
 10386 | Lair:2   | You fall into a shaft and drop 2 floors!
 10546 | Lair:4   | Identified the amulet "Ydielabarcha" {Spirit rPois}
 10612 | Lair:3   | Reached skill level 16 in Unarmed Combat
 10640 | Lair:3   | Found a hole to the Spider Nest.
 10746 | Lair:3   | Reached ****** piety under Elyvilon
 10922 | Lair:3   | Reached XP level 13. HP: 126/126 MP: 17/17
 11317 | Lair:2   | Found a staircase to the Swamp.
 11613 | Lair:1   | Killed flestrin's ghost
 12063 | D:12     | Found a staircase to the Orcish Mines.
 12239 | D:12     | Identified the +4 robe of the Komodo Dragon {Slay+3}
 12304 | D:12     | Killed Irenicus's ghost
 12305 | D:12     | Reached skill level 17 in Unarmed Combat
 12439 | Orc:1    | Entered Level 1 of the Orcish Mines
 12461 | Orc:1    | Found Cebbifr Qijo's Weapon Emporium.
 12716 | Orc:1    | Found a runed translucent door.
 12723 | Orc:1    | Found a shimmering altar of Xom.
 12723 | Orc:1    | Noticed Cinolulu's ghost (journeyman DEIE)
 12839 | Orc:1    | Found a bloodstained altar of Trog.
 13017 | Orc:2    | Entered Level 2 of the Orcish Mines
 13388 | Orc:2    | Found a staircase to the Elven Halls.
 13427 | Orc:2    | Reached XP level 14. HP: 137/137 MP: 19/19
 13673 | Orc:2    | Found Ekegasch's Book Emporium.
 13673 | Orc:2    | Found Xoluzesy's Distillery.
 13675 | Orc:2    | Found Tofiel Veuwk's Antique Armour Boutique.
 13677 | Orc:2    | Found Loepno Bico's Weapon Shoppe.
 13682 | Orc:2    | Bought a potion of heal wounds for 75 gold pieces
 13682 | Orc:2    | Bought 2 potions of heal wounds for 150 gold pieces
 13682 | Orc:2    | Bought 2 potions of heal wounds for 150 gold pieces
 13682 | Orc:2    | Bought a potion of curing for 45 gold pieces
 13682 | Orc:2    | Bought a potion of haste for 150 gold pieces
 13793 | Orc:2    | Bought the +2 shield of Resistance {rF++ rC++ Will++} for
                  | 2326 gold pieces
 13793 | Orc:2    | Found the +2 shield of Resistance {rF++ rC++ Will++}
 14343 | Lair:3   | Found a snail-covered altar of Cheibriados.
 14784 | Lair:4   | Found a staircase to the Slime Pits.
 14784 | Lair:4   | Found a viscous altar of Jiyva.
 15415 | Lair:5   | Entered Level 5 of the Lair of Beasts
 15721 | Lair:4   | Elyvilon protects you from harm!
 15721 | Lair:4   | HP: 2/140 [16-headed hydra (8)]
 15723 | Lair:4   | Reached skill level 10 in Shields
 15723 | Lair:4   | Reached skill level 18 in Unarmed Combat
 16481 | Lair:5   | Noticed Sonja
 16488 | Lair:5   | Killed Sonja
 16654 | Lair:5   | Reached skill level 10 in Invocations
 17032 | Lair:5   | Reached XP level 15. HP: 149/149 MP: 21/21
 17622 | Orc:1    | Killed Cinolulu's ghost
 17795 | D:13     | Reached XP level 16. HP: 158/158 MP: 22/22
 17796 | D:13     | Reached XP level 17. HP: 165/165 MP: 23/23
 17929 | D:13     | Reached skill level 10 in Fighting
 17943 | D:13     | Reached skill level 10 in Dodging
 18139 | D:13     | Found a frozen archway.
 18148 | IceCv    | Entered an ice cave
 18309 | D:13     | Found a gate to the Vaults.
 18803 | D:14     | Found a runed translucent gate.
 18803 | D:14     | Found a runed translucent gate.
 18803 | D:14     | Found a runed translucent gate.
 18805 | D:14     | Noticed Reamiso's ghost (journeyman GrEE)
 18978 | D:14     | Found a burning altar of Makhleb.
 19348 | D:15     | Entered Level 15 of the Dungeon
 19388 | D:15     | Found a glowing silver altar of Zin.
 19914 | D:15     | Noticed Josephine
 19930 | D:15     | Killed Josephine
 20083 | D:15     | Noticed Kirke
 20098 | D:15     | Killed Kirke
 20132 | D:15     | Reached skill level 19 in Unarmed Combat
 20167 | D:15     | Found a staircase to the Depths.
 20628 | Spider:1 | Entered Level 1 of the Spider Nest
 21014 | Spider:1 | Noticed Asterion
 21030 | Spider:1 | Killed Asterion
 21198 | Spider:1 | Noticed Azrael
 21207 | Spider:1 | Killed Azrael
 21208 | Spider:1 | Reached XP level 18. HP: 167/179 MP: 25/25
 21327 | Spider:1 | Noticed Frances
 21341 | Spider:1 | Killed Frances
 22325 | Spider:2 | Noticed Louise
 22340 | Spider:2 | Killed Louise
 22655 | Spider:2 | Found a hide-covered altar of Uskayaw.
 22983 | Spider:3 | Noticed Arachne
 23027 | Spider:3 | Noticed Roxanne
 23196 | Spider:3 | Noticed Banec's ghost (adept VSFi)
 23211 | Spider:3 | Found a transporter.
 23223 | Spider:3 | Found a transporter.
 23305 | Spider:3 | Upgraded the game from 0.31-a0-596-g831eee08f1 to
                  | 0.31-a0-618-g7ca08c1ff9
 23579 | Spider:2 | Killed Arachne
 23581 | Spider:2 | Upgraded the game from 0.31-a0-618-g7ca08c1ff9 to
                  | 0.31-a0-620-gd1cbd99268
 24289 | Spider:4 | Entered Level 4 of the Spider Nest
 25125 | Spider:4 | Identified the +3 war axe of Baagh {freeze, rF+}
 25560 | Spider:4 | Got a gossamer rune of Zot
 26309 | Swamp:1  | Entered Level 1 of the Swamp
 26747 | Swamp:1  | Reached XP level 19. HP: 189/189 MP: 27/27
 27002 | Swamp:2  | Reached skill level 20 in Unarmed Combat
 27063 | Swamp:2  | Noticed Nikola
 27168 | Swamp:2  | Found a runed translucent door.
 27404 | Swamp:2  | Found a shimmering altar of Xom.
 27404 | Swamp:2  | Noticed Faufrur's ghost (journeyman TeFE)
 27551 | Swamp:3  | Found a transporter.
 27794 | Swamp:3  | Found a transporter.
 27906 | Swamp:3  | Found an opulent altar of Gozag.
 28101 | Swamp:4  | Entered Level 4 of the Swamp
 28588 | Swamp:4  | Identified the +9 whip "Zeiqa" {freeze, Dex+6}
 28804 | Swamp:4  | Got a decaying rune of Zot
 29072 | Swamp:2  | Killed Nikola
 29376 | Vaults:1 | Entered Level 1 of the Vaults
 29703 | Vaults:1 | Noticed Aizul
 29714 | Vaults:1 | Killed Aizul
 29791 | Vaults:1 | HP: 9/192 [yaktaur/bolt (16)]
 30850 | Vaults:2 | Reached XP level 20. HP: 201/201 MP: 29/29
 31860 | Vaults:2 | an iron dragon changed into a caustic shrike
 31860 | Vaults:2 | Noticed a caustic shrike (glowing shapeshifter)
 31861 | Vaults:2 | a caustic shrike changed into a shadow dragon
 31930 | Vaults:2 | Paralysed by a formless jellyfish for 1 turns
 32253 | Vaults:2 | Identified the +5 long sword of Fiwyh {heavy, rElec rC+}
 32300 | Vaults:2 | Reached skill level 21 in Unarmed Combat
 32391 | Vaults:3 | Upgraded the game from 0.31-a0-620-gd1cbd99268 to
                  | 0.31-a0-626-g8143ab4f1d
 32607 | Vaults:3 | You fall into a shaft and drop 1 floor!
 32968 | Vaults:4 | Found Qaeqaur's Jewellery Shop.
 32976 | Vaults:4 | Bought a +6 ring of strength for 576 gold pieces
 33321 | Vaults:4 | Reached skill level 15 in Shields
 33339 | Vaults:4 | HP: 8/205 [ironbound thunderhulk/+0 dire flail (14)]
 33456 | Vaults:3 | Found Sontibud's Assorted Antiques.
 33464 | Vaults:3 | Reached XP level 21. HP: 207/213 MP: 31/31
 33476 | Vaults:3 | Bought a scroll of blinking for 337 gold pieces
 33476 | Vaults:3 | Bought a vibrating copper ring for 225 gold pieces
 33476 | Vaults:3 | Identified the ring "Qaawk" {Fly Slay+2} (You bought it in
                  | a shop on level 3 of the Vaults)
 33476 | Vaults:3 | Bought a scroll of blinking for 337 gold pieces
 34425 | Vaults:3 | Noticed Frederick
 34448 | Vaults:3 | Killed Frederick
 34755 | Vaults:3 | Found a runed translucent door.
 34767 | Vaults:3 | Identified the +5 orcbow of the Uplifting Gods {antimagic,
                  | Int+3}
 34873 | Vaults:3 | Reached skill level 15 in Invocations
 35124 | Vaults:3 | Found a staircase to the Crypt.
 35129 | Vaults:3 | Found Sari's Weapon Emporium.
 36434 | Swamp:2  | Killed Faufrur's ghost
 36959 | Vaults:3 | Identified the ring "Ceosma" {rElec rC+ Will+}
 37570 | Vaults:2 | a shadow dragon changed into a caustic shrike
 37570 | Vaults:2 | Noticed a caustic shrike (glowing shapeshifter)
 37574 | Vaults:2 | a caustic shrike changed into an iron giant
 37717 | Depths:1 | Entered Level 1 of the Depths
 38118 | Depths:1 | Found a gateway to Hell.
 38255 | Depths:1 | Found Emopeir's Book Boutique.
 38441 | Depths:1 | Reached skill level 22 in Unarmed Combat
 38642 | Depths:1 | Found an ancient bone altar of Kikubaaqudgha.
 39247 | Depths:2 | Found Uxiy's Jewellery Shop.
 39248 | Depths:2 | Found Ahousk's Book Shoppe.
 39251 | Depths:2 | Found Efyez's Jewellery Shop.
 39331 | Depths:2 | Bought the amulet "Nuill" {Reflect +Inv Will+ Regen+ Str+3
                  | SH+5} for 1062 gold pieces
 39440 | Depths:2 | Noticed a caustic shrike
 39451 | Depths:2 | Killed a caustic shrike
 39532 | Depths:2 | Noticed a golden dragon
 39562 | Depths:2 | Killed a golden dragon
 39570 | Depths:2 | Reached XP level 22. HP: 99/222 MP: 32/32
 39763 | Depths:2 | Found a one-way gate leading to the halls of Pandemonium.
 39777 | Depths:2 | Reached skill level 15 in Dodging
 39953 | Depths:2 | Reached skill level 15 in Fighting
 40429 | Depths:2 | Paralysed by a vampire knight for 5 turns
 41336 | Depths:3 | Found a one-way gate to the infinite horrors of the Abyss.
 41364 | Depths:3 | Noticed a golden dragon
 41368 | Depths:3 | Noticed a golden dragon
 41382 | Depths:3 | Killed a golden dragon
 41390 | Depths:3 | Killed a golden dragon
 41397 | Depths:3 | HP: 12/295 [frost giant/bolt of cold (30)]
 41623 | Depths:3 | Found a white marble altar of Elyvilon.
 41704 | Depths:3 | Identified the ring of Deuffit {rElec rF- Str+6 SInv}
 41731 | Depths:3 | Noticed a golden dragon
 41764 | Depths:3 | Killed a golden dragon
 41774 | Depths:3 | Reached skill level 23 in Unarmed Combat
 41794 | Depths:3 | Elyvilon protects you from harm!
 42052 | Depths:3 | Noticed a golden dragon
 42064 | Depths:3 | Killed a golden dragon
 42071 | Depths:3 | Found a one-way gateway to a ziggurat.
 42126 | Depths:3 | Found a blossoming altar of Fedhas.
 42314 | Depths:3 | Noticed a juggernaut
 42342 | Depths:3 | Killed a juggernaut
 42343 | Depths:3 | Reached skill level 10 in Armour
 42587 | Depths:4 | Entered Level 4 of the Depths
 43022 | Depths:4 | Found a gate to the Realm of Zot.
 43076 | Depths:4 | Noticed a golden dragon
 43086 | Depths:4 | Killed a golden dragon
 43491 | Depths:4 | Reached XP level 23. HP: 180/235 MP: 33/33
 43580 | Depths:4 | Found Ennuad's Antique Weapon Boutique.
 43601 | Depths:4 | Found Byilaem's Armour Shop.
 43732 | Depths:4 | Noticed Grunn
 43922 | Depths:4 | Identified the +6 orcbow "Coxug" {drain, rN+ Str+5 Stlth-}
 44185 | Depths:4 | Killed Grunn
 44224 | Depths:4 | Found Opakomod's Weapon Emporium.
 44635 | Elf:1    | Entered Level 1 of the Elven Halls
 44851 | Elf:1    | Found Focseont's General Store.
 45583 | Elf:1    | Got Sif Muna's Essays on the Missiles and the Band
 45806 | Elf:2    | Paralysed by an air elemental for 1 turns
 46004 | Elf:2    | Reached XP level 24. HP: 244/244 MP: 33/33
 46098 | Elf:2    | Found a runed translucent gate.
 46099 | Elf:2    | Found a runed translucent gate.
 46099 | Elf:2    | Found a runed translucent gate.
 46125 | Elf:2    | Noticed Zenata
 46139 | Elf:2    | Killed Zenata
 46519 | Elf:2    | Reached skill level 15 in Armour
 47490 | Vaults:5 | Entered Level 5 of the Vaults
 47681 | Vaults:5 | Noticed a dread lich
 47695 | Vaults:4 | Killed a dread lich
 47979 | Vaults:4 | HP: 3/245 [quicksilver dragon (14)]
 48121 | Vaults:5 | Noticed an ancient lich
 48316 | Vaults:5 | Reached XP level 25. HP: 202/246 MP: 33/33
 48598 | Vaults:5 | Got a silver rune of Zot
 48820 | Vaults:5 | Identified the ring "Onnuqag" {rPois Int+3 Dex+2 SInv}
 48901 | Vaults:5 | Killed an ancient lich
 48969 | Vaults:5 | Identified the +4 battleaxe of Salt {heavy, *Rage rElec
                  | rPois Str-3}
 49057 | Vaults:5 | Identified the +8 mace of Greed {freeze, Int+5}
 49536 | D:15     | Fell from the grace of Elyvilon
 49536 | D:15     | Became a worshipper of Zin the Law-Giver
 49536 | D:15     | Reached * piety under Zin
 49536 | D:15     | Reached ** piety under Zin
 49536 | D:15     | Reached *** piety under Zin
 49536 | D:15     | Reached **** piety under Zin
 49536 | D:15     | Reached ***** piety under Zin
 49537 | D:15     | Donated 850 gold pieces to Zin
 49734 | Crypt:1  | Entered Level 1 of the Crypt
 50287 | Crypt:1  | Reached ****** piety under Zin
 51573 | Crypt:2  | Reached skill level 24 in Unarmed Combat
 52293 | Crypt:2  | Identified the +1 robe "Rerol" {Will++ Regen+ MP+9 Str-3}
 52492 | Crypt:3  | Entered Level 3 of the Crypt
 52764 | Crypt:3  | Found an ancient bone altar of Kikubaaqudgha.
 52992 | Crypt:3  | Paralysed by something for 4 turns
 53082 | Crypt:3  | Reached XP level 26. HP: 267/267 MP: 33/33
 53355 | Crypt:3  | Found a staircase to the Tomb.
 53361 | Crypt:3  | Upgraded the game from 0.31-a0-626-g8143ab4f1d to
                  | 0.31-a0-631-g285b096dc4
 53467 | Crypt:3  | Identified the +1 halberd "Lewuso" {flame, rElec rC+
                  | Will+++ Stlth-}
 53497 | Crypt:3  | Found the +2 Maxwell's thermic engine {flame, freeze, rev}
 54262 | Elf:3    | Entered Level 3 of the Elven Halls
 55421 | Zot:1    | Entered Level 1 of the Realm of Zot
 55646 | Zot:1    | Noticed an orb of fire
 55669 | Zot:1    | Killed an orb of fire
 56707 | D:14     | Killed Reamiso's ghost
 56981 | Swamp:3  | Paralysed by a Zot trap for 3 turns
 57134 | Swamp:3  | Identified the +1 helmet of the Nexus {Str+5}
 57136 | Swamp:3  | Identified the ring of Paizeytwun {AC+4 Slay+3 Stlth+}
 57841 | Depths:4 | Bought the +5 moon troll leather armour {Spirit, Regen++
                  | MP+5} for 1130 gold pieces
 57841 | Depths:4 | Found the +5 moon troll leather armour {Spirit, Regen++
                  | MP+5}
 59261 | Zot:2    | Reached skill level 25 in Unarmed Combat
 59978 | Zot:3    | Reached XP level 27. HP: 279/279 MP: 34/34
 61057 | Zot:4    | Noticed an orb of fire
 61110 | Zot:4    | Noticed an orb of fire
 61116 | Zot:4    | HP: 4/261 [tentacled monstrosity (13)]
 61116 | Zot:4    | Slain by a tentacled monstrosity

Illustrated notes

Levels and vault maps discovered:
D:1:      sevenhm_arrival_forest_fort_small_4, layout_loops_corners
D:2:      layout_basic, basic_ecumenical_altar, nicolae_half_adder
D:3:      layout_rooms
D:4:      layout_rooms, nzn_wu_jian_council_hall,
          nicolae_overflow_hidden_temple, nicolae_ru_path_of_blood,
          kennysheep_flooded_box, minmay_misc_feat_x
D:5:      layout_loops_ring, minmay_temple_entry_large_hall
D:6:      layout_gridville, dreamdust_gnoll_farm, uniq_menkaure, uniq_jeremiah
D:7:      layout_gridville, uniq_maggie
D:8:      layout_loops_ring
D:9:      layout_rooms, mainiacjoe_overflow_alcove_1, dpeg_lair_monsters,
          minmay_misc_feat_rugged, onia_ninara_dug_in_and_dangerous
D:10:     layout_rooms, nicolae_overflow_crystal_walls, minmay_pinched_square
D:11:     layout_grid_maze, gauntlet_entry_generic, kennysheep_slug_shrine,
          uniq_lodul
D:12:     layout_basic, erik_orc_1, hellmonk_ghost_happy_afterlife
D:13:     layout_cave_pools, hangedman_vaults_entry_quadrant_bands,
          portal_ice_cave_entry_pillars_2, minmay_diced_spiral
D:14:     layout_gridville, bloody_makhleb, gammafunk_ghost_hydra_chop,
          minmay_unpleasant_kobolds
D:15:     grunt_enter_depths_magical_seal, layout_loops_corners, zin_treasury,
          uniq_josephine, uniq_kirke
Temple:   nicolae_temple_god_jail
Lair:1:   layout_cave_pods, gammafunk_ghost_necromancy, uniq_amaemon, uniq_urug
Lair:2:   layout_gridlike, minmay_swamp_entry_reptiles, dreamdust_wasp_nest,
          serial_bayou_shore_b
Lair:3:   layout_regular_city, spider_nest_entry_a, minmay_lair_oklob_bushes,
          kennysheep_snail_temple, lemuel_fruit_fields
Lair:4:   layout_cellular_growth, slime_entry_1, beast_lair_carwin_1
Lair:5:   evilmike_catoblepas_cave, layout_regular_city, grunt_megastairs_4,
          serial_bayou_shore_a, serial_bayou_shore_b, uniq_sonja
Swamp:1:  layout_basic_swamp, evilmike_swamp_ruin_house_1
Swamp:2:  nicolae_swamp_ascending_descending, layout_basic_swamp,
          ebering_ghost_xom, serial_swamp_ruin, evilmike_swamp_ruin_house_5,
          hangedman_swamp_ruin_wall, uniq_nikola
Swamp:3:  gammafunk_worm_tunnel, layout_basic_swamp, nicolae_swamp_godswood,
          infiniplex_staircase_pool
Swamp:4:  grunt_swamp_rune_castle, layout_basic_swamp
Spider:1: layout_spider_delve, uniq_frances, uniq_asterion, uniq_azrael
Spider:2: layout_cave_pods, nicolae_spider_altar_of_dancing,
          hangedman_spider_tarantella_strand, uniq_louise
Spider:3: layout_spider_delve, gammafunk_ghost_arena, uniq_arachne, uniq_roxanne
Spider:4: hellmonk_spider_rune_endless_swarm
Orc:1:    layout_caves, ebering_ghost_xom, serial_shops, shop, basic_altar
Orc:2:    st_orc_rangers, layout_caves
Elf:1:    nicolae_elf_arrival_fired_up, layout_loops_corners, serial_shops,
          nicolae_shop_tiny_statue_garden, minmay_elf_sorcery,
          minmay_misc_feat_columns, glass_columns_a
Elf:2:    nicolae_elf_blades_crystal_corner, layout_loops_corners, uniq_zenata
Elf:3:    minmay_elf_hall_four_x, layout_loops_corners
Vaults:1: nicolae_vaults_swerve, ontoclasm_vaults_misaligned,
          nicolae_vaults_layer_cake_slice, vaults_room_ringed_pool, v_misc_3,
          v_alt_pattern_6, nicolae_vaults_sightless_eye,
          hangedman_vaults_restitches, nicolae_vaults_network_s,
          ontoclasm_vaults_ring_small, nicolae_vaults_yaktaur_gun_rack,
          nicolae_vaults_diamond_1, layout_vaults_omnicross, uniq_aizul
Vaults:2: nicolae_vaults_network_periphery, grunt_vaults_hallway_long,
          nicolae_vaults_know_your_exits, nicolae_vaults_door_testing_chamber,
          nicolae_vaults_specimen_jars, nicolae_vaults_apartment_1,
          vaults_mumra_hex, nicolae_vaults_closet_pinwheel_4,
          layout_vaults_omnibox
Vaults:3: infiniplex_enter_wizlab_spiral, blue_anna_dwarven_crypt,
          nicolae_vaults_little_squares_2, hangedman_vaults_trim,
          nicolae_vaults_oozy_zoo, nicolae_vaults_network_star,
          nicolae_vaults_taking_the_gang_shopping, vaults_room_hallway,
          v_misc_22, nicolae_vaults_apartment_2,
          nicolae_vaults_mini_display_case, dpeg_vaults_monster_row,
          grunt_vaults_bifocal, nicolae_vaults_double_plus_1,
          layout_vaults_ring, serial_shops, nicolae_shop_waterfront,
          uniq_margery, uniq_frederick
Vaults:4: vaults_room_grunt_arrival_checkpoint, nicolae_vaults_more_shelving_2,
          v_misc_28, nicolae_vaults_tetromino_T_1, hangedman_vaults_stitches,
          vaults_standard_mumra_lines, nicolae_vaults_double_plus_1,
          hangedman_vaults_maws, grunt_vaults_hallway_short, vaults_room_grid,
          layout_vaults_big_room, serial_shops, shop
Vaults:5
Crypt:1:  layout_basic, eino_tiny_chamber, grunt_crypt_arrival_webbed,
          lemuel_upstairs_altar
Crypt:2:  layout_catacombs, minivault_4, evilmike_ambush
          [evilmike_ambush_outer_basic, evilmike_ambush_inner_basic],
          grunt_megastairs_1
Crypt:3:  grunt_crypt_end_deaths_head
Depths:1: layout_forbidden_donut, serial_shops, nicolae_shop_statue_plus,
          grunt_mini_vestibule, hangedman_glass_teeth, nicolae_eternal_life,
          nicolae_kikubaaqudgha_miasma_corner
Depths:2: minmay_octo_star, layout_gridlike, rand_demon_pan_entry_7,
          pf_hell_entry_tar_river, kennysheep_generic_room_5, minmay_shop_grove
Depths:3: hangedman_cross_veins, layout_cave_pools, enter_ziggurat_e,
          abyss_entry, fedhas_altar_4, hell_entry, elyvilon_altar_3,
          infiniplex_staircase_zigzag_4
Depths:4: grunt_zot_entry_pinwheel, layout_basic, nicolae_hexahallways,
          serial_shops, nicolae_shop_behind_doors, hell_entry, minmay_shoptagon,
          uniq_grunn
Zot:1:    layout_gridlike
Zot:2:    layout_onion_interference
Zot:3:    layout_gridlike
Zot:4:    layout_basic, ebering_ghost_reflecting_pool, evilmike_ambush
          [evilmike_ambush_outer_corners, evilmike_ambush_inner_basic],
          grunt_megastairs_3

Skill      XL: |  1  2  3  4  5  6  7  8  9 10 11 12 13 14 15 16 17 18 19 20 21 22 23 24 25 26 |
---------------+-------------------------------------------------------------------------------+-----
Unarmed Combat | 3 4 5 6 7 10 11 12 13 15 16 17 18 19 20 21 22 23 24 25 | 25.5
Shields        | 4 5 7 8 9 10 11 13 14 15 16 | 16.0
Invocations    | 3 4 6 7 9 10 11 12 13 14 15 16 | 16.0
Fighting       | 3 5 6 7 8 9 11 12 13 14 15 16 17 | 17.6
Dodging        | 3 5 6 7 8 9 11 12 13 14 15 16 17 | 17.6
Armour         | 4 6 11 14 15 16 17 | 17.6

Action                     |  1- 3 |  4- 6 |  7- 9 | 10-12 | 13-15 | 16-18 | 19-21 | 22-24 | 25-27 || total
---------------------------+-------+-------+-------+-------+-------+-------+-------+-------+-------++-------
  Melee: Unarmed           |    80 |   128 |   186 |   604 |   873 |  1558 |  1886 |  1392 |  2008 ||  8715
 Invoke: Heal Self         |       |       |       |     2 |     1 |     9 |    18 |    11 |     1 ||    42
         Divine Vigour     |       |       |       |       |       |       |     1 |     1 |       ||     2
         Vitalisation      |       |       |       |       |       |       |       |       |     2 ||     2
         Donate Gold       |       |       |       |       |       |       |       |       |     1 ||     1
         Recite            |       |       |       |       |       |       |       |       |     1 ||     1
  Evoke: Wand              |       |       |       |       |    14 |     5 |       |       |     2 ||    21
    Use: Scroll            |     4 |    12 |    10 |     3 |     6 |     2 |     3 |     6 |     1 ||    47
         Potion            |       |       |       |     2 |     2 |     9 |     6 |     5 |       ||    24
   Stab: Sleeping          |     1 |     1 |       |       |       |       |       |     2 |       ||     4
         Invisible         |       |       |       |     2 |     5 |       |       |       |       ||     7
         Confused          |       |       |       |       |     2 |       |       |       |       ||     2
         Petrified         |       |       |       |       |     5 |       |       |       |       ||     5
         Distracted        |       |       |       |       |       |     1 |       |       |       ||     1
 Armour: Robe              |    26 |    38 |     8 |       |       |       |       |       |       ||    72
         Swamp dragon scal |       |       |    16 |   174 |   219 |   394 |   400 |       |       ||  1203
         Steam dragon scal |       |       |     1 |       |       |       |       |       |       ||     1
         Storm dragon scal |       |       |       |       |       |       |    12 |   124 |       ||   136
         Shadow dragon sca |       |       |       |       |       |       |       |   127 |       ||   127
         Gold dragon scale |       |       |       |       |       |       |       |   137 |   535 ||   672
  Dodge: Dodged            |    21 |    40 |    47 |   328 |   541 |   862 |  1023 |   521 |   805 ||  4188
         Repelled          |       |       |       |       |       |     1 |     9 |       |       ||    10
  Block: Kite shield       |    19 |    50 |    33 |   277 |   521 |  1020 |   948 |       |   536 ||  3404
         Tower shield      |       |       |       |       |       |       |   384 |  1559 |  1093 ||  3036
         Reflection        |       |       |       |       |       |       |     4 |    43 |    54 ||   101

Table legend: (Time is in decaauts)
 A = Elapsed time spent in this place.
 B = Non-inter-level travel time spent in this place.
 C = Inter-level travel time spent in this place.
 D = Time resting spent in this place.
 E = Time spent auto-exploring this place.
 F = Levels seen in this place.
 G = Mean time per level.
                   A        B        C        D        E       F      G
               +--------+--------+--------+--------+--------+-----+--------+
         Total |  58633 |  50369 |   8264 |   7686 |  29794 |  51 | 1149.7 |
       Dungeon |  14396 |  11680 |   2716 |   1043 |   8020 |  15 |  959.7 |
        Temple |     19 |      5 |     14 |      0 |      0 |   1 |   19.0 |
          Lair |   6517 |   5255 |   1262 |    579 |   3525 |   5 | 1303.4 |
         Swamp |   3268 |   2899 |    369 |    579 |   1529 |   4 |  817.0 |
   Spider Nest |   6162 |   4882 |   1280 |    653 |   2849 |   4 | 1540.5 |
  Orcish Mines |   1650 |   1388 |    262 |     22 |   1003 |   2 |  825.0 |
   Elven Halls |   3207 |   2925 |    282 |    269 |   1930 |   3 | 1069.0 |
        Vaults |   8517 |   7331 |   1186 |   1300 |   3993 |   5 | 1703.4 |
         Crypt |   3925 |   3766 |    159 |    741 |   1959 |   3 | 1308.3 |
        Depths |   6916 |   6283 |    633 |   1572 |   3035 |   4 | 1729.0 |
           Zot |   3984 |   3886 |     98 |    925 |   1924 |   4 |  996.0 |
      Ice Cave |     66 |     66 |      0 |      0 |     26 |   1 |   66.0 |
               +--------+--------+--------+--------+--------+-----+--------+

Top non-repeatable levels by time:
Depths:2: 2111 daAuts
Vaults:3: 1910 daAuts
Spider:2: 1904 daAuts
Vaults:2: 1899 daAuts
Vaults:4: 1881 daAuts
Spider:4: 1822 daAuts
Depths:4: 1796 daAuts
Vaults:1: 1606 daAuts
 Crypt:1: 1583 daAuts
   Zot:1: 1539 daAuts
Depths:3: 1537 daAuts
Depths:1: 1472 daAuts
    D:12: 1451 daAuts
    D:15: 1450 daAuts
   Zot:3: 1378 daAuts
